Map: Thunderbird LE

Players

Hjax

  • Race: Protoss Protoss
  • Spawn Location: 5:00

JonSnow - Winner!

  • Race: Zerg Zerg
  • Spawn Location: 11:00

VOD

Have the link to the VOD?

Description

Time

  • Played on: Sept. 6, 2019, 1:55 p.m.
  • Length: 16:17
Show
View Real Time Build Order
Export as new Build Order

Hjax Protoss 

Build Orders: 1 Gate Expand, Oracle Opening, Archon Immortal, Archon Drop 

Get SALT Encoding   

  12  0:01  Probe  
  13  0:13  Probe  
  14  0:18  Pylon  
  14  0:24  Probe  
  15  0:32  Probe  
  15  0:38  Gateway  
  15  0:40  Probe  
  16  0:49  Assimilator  
  17  0:51  Probe  
  18  1:03  Probe  
  19  1:15  Probe  
  20  1:27  Probe  
  20  1:32  Nexus  
  21  1:36  Cybernetics Core  
  21  1:40  Probe  
  21  1:46  Assimilator  
  22  1:51  Pylon  
  22  1:55  Probe  
  23  2:02  Adept  
  23  2:06  Probe  
  23  2:14  Probe  
  26  2:20  Stargate  
  27  2:26  Probe, Adept  
  28  2:34  Warp Gate  
  30  2:39  Probe  
  32  2:44  Probe  
  32  2:51  Probe  
  33  2:52  Adept  
  33  2:57  Gateway  
  35  2:59  Oracle, Probe  
  35  3:03  Probe  
  37  3:11  Probe  
  41  3:14  Pylon  
  41  3:16  Probe  
  42  3:23  Probe  
  43  3:29  Probe, Assimilator  
  43  3:31  Assimilator  
  44  3:39  Probe  
  43  3:42  Oracle  
  43  3:46  Shield Battery  
  43  3:47  Probe  
  43  3:48  Robotics Facility  
  42  3:54  Probe  
  46  4:00  Probe  
  47  4:06  Probe  
  48  4:11  Twilight Council  
  48  4:12  Probe  
  49  4:18  Probe  
  49  4:20  Pylon  
  49  4:23  Phoenix  
  49  4:24  Probe  
  53  4:28  Pylon  
  53  4:30  Probe  
  54  4:37  Charge  
  54  4:38  Warp Prism, Probe  
  57  4:47  Gateway  
  57  4:48  Gateway  
  57  4:50  Gateway  
  57  4:55  Gateway  
  57  5:03  Templar Archives  
  57  5:07  Probe  
  57  5:09  Adept x2  
  57  5:12  Probe  
  63  5:26  Nexus  
  63  5:37  Pylon  
  63  5:39  Pylon  
  63  5:42  Pylon  
  63  5:44  Pylon  
  63  5:50  High Templar  
  63  5:51  High Templar x2  
  63  5:53  Immortal, Probe  
  63  5:55  Probe  
  63  5:56  Zealot x2, High Templar  
  77  6:00  Archon x2  
  77  6:07  Psionic Storm, Probe  
  82  6:14  Probe  
  79  6:35  Zealot x4  
  79  6:36  Zealot x2  
  79  6:39  Immortal  
  91  6:49  Probe  
  91  6:51  Robotics Facility  
  91  6:54  Probe  
  91  6:55  Probe  
  91  6:57  Sentry x3  
  93  7:01  Probe  
  93  7:06  Probe  
  93  7:07  Probe  
  95  7:10  High Templar  
  95  7:12  Assimilator  
  95  7:13  Probe  
  98  7:18  Probe, Assimilator  
  98  7:19  Probe  
  98  7:21  Immortal  
  104  7:25  Probe  
  105  7:30  Probe  
  105  7:31  Probe  
  107  7:37  Probe  
  107  7:40  Zealot x4  
  116  7:51  Immortal  
  114  7:56  High Templar x2  
  112  8:02  Probe  
  117  8:07  Pylon  
  117  8:08  Gateway  
  117  8:11  Gateway x2  
  117  8:12  Pylon x2  
  117  8:14  Gateway  
  117  8:17  Pylon  
  117  8:23  Immortal  
  117  8:25  Probe  
  122  8:31  Void Ray  
  122  8:36  Pylon x2  
  122  8:40  Shield Battery  
  126  8:45  Zealot x6  
  136  9:02  Immortal x2  
  131  9:12  Zealot  
  131  9:13  Zealot x6  
  145  9:22  Probe  
  132  9:32  Immortal x2  
  132  9:36  Forge  
  132  9:41  Stalker  
  132  9:42  Stalker x3  
  148  9:47  High Templar x2  
  148  9:48  High Templar  
  148  9:49  Probe  
  155  9:58  Shield Battery  
  155  10:00  Shield Battery  
  155  10:02  High Templar x2  
  155  10:04  Warp Prism  
  159  10:09  Forge  
  161  10:16  High Templar x2  
  165  10:22  Archon  
  165  10:25  Pylon  
  165  10:29  Pylon  
  165  10:30  Fleet Beacon  
  160  10:59  Immortal  
  164  11:04  Zealot x4  
  164  11:05  Zealot x4  
  164  11:06  Stargate  
  164  11:08  Stargate  
  164  11:09  Stargate  
  180  11:21  Pylon  
  180  11:22  Pylon  
  180  11:29  Immortal  
  170  11:34  Zealot x3, High Templar x2  
  170  11:39  Immortal  
  172  11:52  Nexus  
  172  11:53  Carrier  
  175  11:54  Pylon  
  175  11:57  Pylon  
  175  11:58  Warp Prism  
  175  12:07  High Templar  
  175  12:08  High Templar  
  179  12:14  Observer  
  180  12:23  Zealot x7  
  178  12:42  Zealot x2  
  176  12:46  Zealot x7  
  186  12:54  Oracle  
  185  13:02  High Templar x3  
  189  13:07  Archon  
  189  13:08  High Templar  
  151  13:23  Zealot  
  151  13:24  Zealot x5  
  155  13:28  Protoss Ground Armor Level 1, Protoss Ground Weapons Level 1  
  147  13:44  High Templar x2  
  147  13:46  High Templar x2  
  151  13:54  Archon x2  
  143  14:26  Nexus  
  136  14:33  Stalker x5  
  136  14:34  Stalker x2  
  150  14:39  Warp Prism  
  150  14:45  Immortal  
  144  15:04  Zealot  
  144  15:05  Zealot x5  
  155  15:39  Stalker  
  155  15:40  Stalker x6  
  130  16:11  Zealot  
  130  16:12  Zealot  
  130  16:15  Nexus  
Show
View Real Time Build Order
Export as new Build Order

JonSnow Zerg - Winner!

Build Orders: Hatch First, Lurkers, Roach Hydra 

Get SALT Encoding   

  12  0:00  Drone  
  13  0:13  Overlord  
  13  0:17  Drone  
  14  0:31  Drone  
  14  0:32  Drone  
  16  0:36  Drone  
  17  0:54  Drone  
  17  0:55  Hatchery  
  17  1:00  Drone  
  18  1:06  Extractor  
  17  1:14  Spawning Pool  
  17  1:18  Drone  
  17  1:22  Drone  
  18  1:29  Drone  
  19  1:46  Hatchery  
  18  1:51  Drone  
  19  2:01  Queen  
  21  2:09  Queen  
  21  2:14  Drone  
  24  2:16  Drone  
  24  2:19  Zergling x2  
  26  2:24  Drone  
  26  2:25  Drone  
  28  2:31  Overlord  
  28  2:37  Pneumatized Carapace  
  28  2:49  Queen  
  28  2:50  Metabolic Boost  
  30  2:52  Zergling x2  
  30  2:56  Drone  
  30  2:57  Drone  
  33  3:03  Queen  
  35  3:08  Drone x2  
  37  3:13  Overlord  
  37  3:18  Zergling x4  
  39  3:25  Queen  
  41  3:32  Drone  
  42  3:37  Drone x3  
  42  3:40  Drone x2  
  44  3:47  Drone  
  44  3:48  Drone  
  46  3:51  Drone  
  46  3:53  Drone  
  48  3:56  Spore Crawler  
  48  3:58  Drone  
  48  4:02  Drone x2  
  50  4:06  Overlord  
  50  4:09  Overlord  
  50  4:13  Spore Crawler  
  50  4:15  Spore Crawler  
  50  4:17  Drone x2  
  50  4:24  Drone x5  
  50  4:25  Drone  
  56  4:32  Overlord  
  56  4:33  Queen  
  56  4:35  Drone  
  56  4:36  Drone  
  60  4:42  Drone x3  
  60  4:43  Drone x2  
  65  4:47  Lair  
  65  4:53  Roach Warren, Drone  
  65  4:54  Drone  
  65  4:56  Drone x2  
  65  4:58  Drone  
  65  4:59  Drone  
  70  5:05  Overlord x2, Extractor  
  70  5:06  Drone, Extractor  
  69  5:10  Extractor  
  69  5:11  Extractor  
  69  5:12  Evolution Chamber  
  66  5:14  Overlord  
  66  5:15  Drone x3  
  66  5:16  Drone  
  66  5:20  Overlord  
  70  5:21  Drone x2  
  70  5:25  Spore Crawler  
  70  5:26  Drone x3  
  74  5:36  Roach x4  
  74  5:37  Roach x2  
  74  5:42  Roach x3  
  92  5:55  Zerg Missile Weapons Level 1, Overlord  
  92  5:56  Glial Reconstitution  
  92  5:57  Drone x6  
  92  6:01  Extractor  
  97  6:04  Overlord  
  97  6:05  Overlord  
  97  6:09  Overlord  
  97  6:13  Overlord  
  97  6:16  Roach x4  
  105  6:23  Roach x5  
  115  6:29  Hydralisk Den  
  115  6:31  Roach x4  
  121  6:38  Roach x3  
  124  6:48  Roach x3  
  126  6:56  Overlord  
  124  7:01  Muscular Augments  
  124  7:08  Drone  
  124  7:09  Overlord, Drone x3  
  124  7:11  Overlord  
  124  7:12  Hatchery  
  124  7:14  Overseer  
  127  7:21  Hydralisk x6  
  139  7:27  Overlord x3  
  139  7:36  Hydralisk x4  
  144  7:46  Hydralisk x4  
  152  8:12  Grooved Spines  
  152  8:13  Roach  
  152  8:14  Roach x8  
  170  8:22  Hydralisk x2  
  174  8:30  Overlord  
  174  8:33  Drone x9  
  183  8:34  Lurker Den  
  183  8:38  Hydralisk x2  
  186  8:48  Evolution Chamber  
  176  9:11  Drone x4  
  176  9:13  Drone x12  
  176  9:16  Infestation Pit, Extractor  
  186  9:30  Drone x4  
  188  9:32  Overlord  
  188  9:37  Zerg Missile Weapons Level 2  
  188  9:44  Overlord  
  188  9:47  Extractor  
  188  9:50  Spore Crawler  
  188  9:51  Spore Crawler  
  185  9:55  Hive  
  185  10:03  Spine Crawler x2  
  185  10:04  Hydralisk x8  
  199  10:17  Overlord  
  199  10:20  Hatchery  
  198  10:24  Spire  
  191  11:01  Lurker  
  191  11:02  Lurker x8  
  200  11:08  Adaptive Talons  
  200  11:29  Hatchery  
  197  11:34  Lurker x3  
  199  11:40  Greater Spire  
  199  11:47  Overseer  
  199  11:51  Hatchery  
  199  11:52  Spine Crawler  
  199  11:53  Spine Crawler  
  196  11:55  Spine Crawler  
  196  11:57  Spore Crawler  
  185  12:21  Hydralisk x12  
  191  12:38  Hydralisk  
  191  12:39  Hydralisk x9  
  199  12:44  Zerg Missile Weapons Level 3  
  199  12:48  Evolution Chamber  
  190  12:56  Hydralisk x6  
  188  13:13  Hydralisk x8  
  188  13:17  Overlord  
  186  13:20  Corruptor x5  
  186  13:21  Corruptor x3  
  186  13:26  Zerg Melee Weapons Level 1  
  198  13:30  Corruptor  
  198  13:33  Spine Crawler  
  199  13:34  Drone  
  199  13:37  Spine Crawler  
  199  13:38  Spine Crawler  
  199  13:39  Corruptor  
  199  13:40  Corruptor x2  
  199  13:41  Spine Crawler  
  199  13:44  Spine Crawler  
  199  13:45  Drone  
  199  13:46  Drone x3  
  200  14:09  Corruptor x6  
  176  14:36  Zergling x2  
  176  14:37  Zergling x32  
  173  15:14  Brood Lord x3  
  173  15:15  Brood Lord x6  
  191  15:28  Brood Lord, Spore Crawler  
  190  15:30  Spore Crawler  
  191  15:38  Brood Lord x2  
  195  15:49  Spore Crawler, Drone x6, Spine Crawler  
  199  15:50  Extractor  
  199  15:53  Extractor  
  199  15:55  Lurker x3  
Tags
 
Add a new tag
Caveats
  • Supply blocks, unpowered buildings, or Contaminate may cause inaccurate times.
  • Supply counts are checked every 10 seconds.